General information
- name: BNet
- type: Ladder team game (AT/RT)
- host: Battle.net
- saver: Secreteam
map: MarketSquare
- players: 8
- length: 36:49
- speed: Fast
- version: 1.26 W3XP
- replay type: Public
» download(215 KB)
Players
team 1 (winner)
Democracy (
purple | 104 APM | 2609 actions | 25:05)
4 Mountain King
2 Storm Bolt
2 Bash
2 Paladin
1 Holy Light
1 Divine Shield
» actions
| Assign group hotkey | 97 | |
| Basic commands | 85 | |
| Build / train | 92 | |
| Enter build submenu | 28 | |
| Enter hero's abilities submenu | 6 | |
| Give item / drop item | 1 | |
| Remove unit from queue | 1 | |
| Right click | 638 | |
| Select / deselect | 322 | |
| Select group hotkey | 1249 | |
| Use ability | 90 | |
2609 total
» units
| Peasant | 26 | |
| Footman | 8 | |
| Mortar Team | 2 | |
| Knight | 2 | |
| Siege Engine | 5 | |
| Flying Machine | 1 | |
44 total
» upgrades
| Defend | 1 | |
| Plating | 3 | |
| Lumber Harvesting | 2 | |
| Masonry | 3 | |
| Swords | 1 | |
| Fragmentation Shards | 1 | |
| Flare | 1 | |
| Barrage | 1 | |
| Animal War Training | 1 | |
| Gunpowder | 3 | |
| Flak Cannons | 1 | |
18 total
» buildings
| Farm | 9 | |
| Altar of Kings | 1 | |
| Barracks | 2 | |
| Town Hall | 2 | |
| Scout Tower | 19 | |
| Arcane Vault | 2 | |
| Keep | 1 | |
| Arcane Tower | 2 | |
| Lumber Mill | 1 | |
| Blacksmith | 1 | |
| Castle | 1 | |
| Workshop | 2 | |
| Guard Tower | 8 | |
51 total
» build order
00:08 Farm
00:09 Altar of Kings
00:21 Barracks
00:54 Farm
01:40 Farm
03:30 Town Hall
03:34 Scout Tower
04:07 Arcane Vault
04:29 Farm
05:41 Keep
06:13 Arcane Tower
06:32 Lumber Mill
06:35 Blacksmith
06:41 Scout Tower
06:44 Arcane Vault
07:08 Farm
07:14 Arcane Tower
08:14 Castle
08:45 Workshop
08:47 Workshop
09:09 Farm
09:44 Farm
10:34 Barracks
11:44 Farm
11:48 Farm
12:47 Scout Tower
12:48 Scout Tower
12:49 Scout Tower
12:50 Scout Tower
12:51 Scout Tower
12:51 Scout Tower
12:53 Scout Tower
12:54 Scout Tower
13:14 Scout Tower
13:15 Scout Tower
13:16 Scout Tower
13:17 Scout Tower
13:18 Scout Tower
13:19 Scout Tower
13:19 Scout Tower
13:20 Scout Tower
13:20 Scout Tower
13:27 Guard Tower
13:53 Guard Tower
14:03 Guard Tower
14:07 Guard Tower
14:25 Guard Tower
14:33 Town Hall
15:15 Guard Tower
15:17 Guard Tower
» items
| Lesser Clarity Potion | 2 | |
| Scroll of Regeneration | 3 | |
| Scroll of Town Portal | 1 | |
| Orb of Fire | 2 | |
| Staff of Sanctuary | 1 | |
9 total
Vibes (
orange | 67 APM | 1204 actions | 17:51)
5 Demon Hunter
3 Mana Burn
2 Evasion
4 Pandaren Brewmaster
2 Breath of Fire
2 Drunken Haze
» actions
| Assign group hotkey | 9 | |
| Basic commands | 79 | |
| Build / train | 50 | |
| ESC pressed | 4 | |
| Enter build submenu | 28 | |
| Enter hero's abilities submenu | 9 | |
| Right click | 447 | |
| Select / deselect | 321 | |
| Select group hotkey | 182 | |
| Use ability | 75 | |
1204 total
» units
| Wisp | 13 | |
| Huntress | 4 | |
| Dryad | 2 | |
| Druid of the Claw | 3 | |
22 total
» upgrades
| Ultravision | 1 | |
| Abolish Magic | 1 | |
| Druid of the Claw Training | 2 | |
| Well Spring | 1 | |
| Mark of the Claw | 1 | |
| Strength of the Wild | 2 | |
| Reinforced Hides | 2 | |
| Nature's Blessing | 1 | |
11 total
» buildings
| Altar of Elders | 6 | |
| Moon Well | 10 | |
| Hunter's Hall | 2 | |
| Ancient of War | 1 | |
| Tree of Ages | 4 | |
| Ancient of Lore | 2 | |
| Ancient of Wonders | 2 | |
| Tree of Eternity | 1 | |
| Tree of Life | 2 | |
30 total
» build order
00:06 Altar of Elders
00:09 Altar of Elders
00:17 Moon Well
01:22 Hunter's Hall
01:42 Ancient of War
01:55 Moon Well
02:42 Tree of Ages
02:42 Tree of Ages
03:20 Moon Well
03:48 Moon Well
03:54 Moon Well
05:12 Ancient of Lore
05:17 Ancient of Lore
05:25 Ancient of Wonders
05:34 Ancient of Wonders
05:37 Moon Well
06:07 Tree of Eternity
10:42 Tree of Life
14:37 Altar of Elders
14:39 Moon Well
14:42 Altar of Elders
15:16 Altar of Elders
15:17 Moon Well
15:20 Tree of Ages
15:27 Altar of Elders
15:50 Hunter's Hall
15:57 Moon Well
16:20 Tree of Life
16:41 Moon Well
» items
LOOPER.Jr (
red | 23 APM | 842 actions | 36:48)
5 Mountain King
3 Storm Bolt
2 Bash
1 Pandaren Brewmaster
1 Breath of Fire
» actions
| Build / train | 83 | |
| Enter build submenu | 33 | |
| Enter hero's abilities submenu | 6 | |
| Remove unit from queue | 1 | |
| Right click | 315 | |
| Select / deselect | 325 | |
| Use ability | 79 | |
842 total
» units
| Peasant | 14 | |
| Spell Breaker | 8 | |
| Dragonhawk Rider | 15 | |
| Sorceress | 4 | |
41 total
» upgrades
| Masonry | 3 | |
| Lumber Harvesting | 1 | |
| Magic Sentry | 1 | |
| Cloud | 1 | |
| Swords | 2 | |
| Control Magic | 1 | |
9 total
» buildings
| Altar of Kings | 1 | |
| Farm | 9 | |
| Lumber Mill | 1 | |
| Scout Tower | 15 | |
| Arcane Vault | 1 | |
| Arcane Tower | 1 | |
| Guard Tower | 13 | |
| Keep | 1 | |
| Blacksmith | 1 | |
| Castle | 1 | |
| Arcane Sanctum | 2 | |
| Gryphon Aviary | 1 | |
| Tree of Life | 2 | |
49 total
» build order
00:58 Altar of Kings
01:11 Farm
01:28 Lumber Mill
01:33 Scout Tower
02:03 Farm
02:08 Arcane Vault
02:10 Arcane Tower
02:42 Scout Tower
02:47 Scout Tower
03:09 Guard Tower
03:12 Scout Tower
03:25 Guard Tower
03:29 Scout Tower
03:43 Guard Tower
03:46 Farm
04:00 Guard Tower
04:03 Farm
04:38 Keep
04:54 Blacksmith
04:57 Farm
05:44 Scout Tower
06:29 Guard Tower
06:34 Farm
06:40 Farm
07:02 Castle
07:06 Arcane Sanctum
07:09 Arcane Sanctum
07:14 Gryphon Aviary
07:20 Farm
08:47 Scout Tower
08:49 Scout Tower
09:20 Farm
09:22 Guard Tower
14:10 Scout Tower
14:12 Scout Tower
15:18 Guard Tower
15:39 Guard Tower
15:50 Scout Tower
15:52 Scout Tower
16:55 Guard Tower
16:57 Guard Tower
17:08 Scout Tower
18:19 Tree of Life
18:41 Guard Tower
18:43 Scout Tower
18:48 Scout Tower
19:43 Guard Tower
19:46 Guard Tower
27:28 Tree of Life
» items
| Potion of Mana | 1 | |
| Orb of Fire | 1 | |
| Lesser Clarity Potion | 1 | |
| Potion of Healing | 1 | |
| Scroll of Regeneration | 1 | |
| Scroll of Town Portal | 1 | |
| Potion of Invisibility | 1 | |
| Potion of Lesser Invulnerability | 1 | |
| Circlet of Nobility | 1 | |
| Boots of Speed | 1 | |
10 total
Secreteam (
green | 95 APM | 3482 actions | 36:49)
7 Archmage
2 Summon Water Elemental
2 Brilliance Aura
2 Blizzard
1 Mass Teleport
» actions
| Assign group hotkey | 156 | |
| Basic commands | 356 | |
| Build / train | 149 | |
| ESC pressed | 3 | |
| Enter build submenu | 51 | |
| Enter hero's abilities submenu | 7 | |
| Give item / drop item | 7 | |
| Right click | 853 | |
| Select / deselect | 357 | |
| Select group hotkey | 1377 | |
| Use ability | 166 | |
3482 total
» units
| Peasant | 26 | |
| Footman | 10 | |
| Sorceress | 1 | |
| Gryphon Rider | 5 | |
| Dragonhawk Rider | 7 | |
49 total
» upgrades
| Masonry | 3 | |
| Lumber Harvesting | 2 | |
| Sorceress Training | 1 | |
| Magic Sentry | 1 | |
| Swords | 3 | |
| Animal War Training | 1 | |
| Armor | 4 | |
| Cloud | 1 | |
| Storm Hammers | 1 | |
| Backpack | 1 | |
| Gunpowder | 2 | |
| Plating | 2 | |
| Defend | 1 | |
| Long Rifles | 1 | |
24 total
» buildings
| Altar of Kings | 1 | |
| Barracks | 1 | |
| Farm | 12 | |
| Arcane Vault | 1 | |
| Lumber Mill | 1 | |
| Town Hall | 4 | |
| Keep | 4 | |
| Scout Tower | 25 | |
| Guard Tower | 16 | |
| Blacksmith | 1 | |
| Arcane Sanctum | 1 | |
| Castle | 3 | |
| Arcane Tower | 3 | |
| Gryphon Aviary | 6 | |
79 total
» build order
00:56 Altar of Kings
00:58 Barracks
00:59 Farm
01:06 Farm
01:34 Farm
01:55 Farm
02:09 Arcane Vault
02:14 Lumber Mill
04:08 Town Hall
04:11 Keep
04:11 Keep
04:12 Keep
05:11 Scout Tower
05:12 Scout Tower
05:13 Scout Tower
05:44 Guard Tower
05:44 Guard Tower
05:45 Guard Tower
06:39 Blacksmith
07:56 Arcane Sanctum
08:19 Castle
08:19 Castle
08:19 Castle
09:09 Town Hall
09:11 Scout Tower
09:13 Scout Tower
09:14 Scout Tower
09:16 Scout Tower
09:19 Scout Tower
09:21 Scout Tower
09:22 Scout Tower
09:23 Scout Tower
09:27 Scout Tower
10:17 Guard Tower
10:17 Guard Tower
10:49 Arcane Tower
10:49 Arcane Tower
10:56 Scout Tower
10:57 Scout Tower
11:01 Scout Tower
11:02 Scout Tower
11:02 Scout Tower
11:03 Scout Tower
11:04 Scout Tower
11:48 Gryphon Aviary
11:49 Gryphon Aviary
11:51 Gryphon Aviary
11:52 Gryphon Aviary
12:31 Gryphon Aviary
12:32 Gryphon Aviary
15:45 Farm
15:47 Farm
15:47 Farm
15:49 Farm
16:06 Farm
16:09 Farm
16:10 Farm
16:11 Farm
17:14 Scout Tower
17:15 Scout Tower
17:16 Scout Tower
17:16 Scout Tower
17:19 Scout Tower
17:20 Scout Tower
18:07 Guard Tower
18:07 Guard Tower
27:59 Town Hall
28:26 Town Hall
32:16 Guard Tower
32:18 Guard Tower
32:18 Guard Tower
32:18 Guard Tower
» items
| Scroll of Regeneration | 5 | |
| Periapt of Vitality | 1 | |
| Staff of Teleportation | 1 | |
| Tome of Retraining | 1 | |
| Potion of Invisibility | 3 | |
| Scroll of Town Portal | 2 | |
| Staff of Sanctuary | 1 | |
14 total
team 2 (loser)

»
promised (
pink | 44 APM | 684 actions | 15:30)
3 Blademaster
2 Wind Walk
1 Critical Strike
» actions
| Assign group hotkey | 11 | |
| Build / train | 59 | |
| Enter build submenu | 14 | |
| Enter hero's abilities submenu | 3 | |
| Remove unit from queue | 8 | |
| Right click | 234 | |
| Select / deselect | 175 | |
| Select group hotkey | 136 | |
| Use ability | 44 | |
684 total
» units
| Peon | 12 | |
| Troll Headhunter/Berserker | 4 | |
| Troll Batrider | 3 | |
| Raider | 16 | |
35 total
» upgrades
| Ranged Weapons | 0 | |
| Melee Weapons | 3 | |
| Ensnare | 1 | |
| Armor | 1 | |
5 total
» buildings
| Altar of Storms | 1 | |
| Orc Burrow | 6 | |
| Barracks | 1 | |
| Voodoo Lounge | 1 | |
| War Mill | 1 | |
| Stronghold | 1 | |
| Beastiary | 2 | |
| Fortress | 1 | |
14 total
» build order
00:26 Altar of Storms
00:52 Orc Burrow
01:05 Barracks
01:44 Voodoo Lounge
02:13 War Mill
03:09 Stronghold
03:22 Orc Burrow
03:24 Orc Burrow
05:34 Beastiary
05:36 Beastiary
05:56 Orc Burrow
06:48 Fortress
09:42 Orc Burrow
12:29 Orc Burrow
» items
| Healing Salve | 2 | |
| Scroll of Speed | 1 | |
| Lesser Clarity Potion | 1 | |
| Scroll of Town Portal | 1 | |
5 total

»
indica.only (
teal | 47 APM | 726 actions | 15:34)
3 Blademaster
2 Wind Walk
1 Critical Strike
» actions
| Assign group hotkey | 10 | |
| Basic commands | 10 | |
| Build / train | 35 | |
| Enter build submenu | 21 | |
| Enter hero's abilities submenu | 3 | |
| Give item / drop item | 2 | |
| Right click | 300 | |
| Select / deselect | 148 | |
| Select group hotkey | 159 | |
| Use ability | 37 | |
726 total
» units
» upgrades
| Melee Weapons | 2 | |
| Armor | 3 | |
| Shaman Training | 2 | |
7 total
» buildings
| Altar of Storms | 1 | |
| Barracks | 1 | |
| Orc Burrow | 6 | |
| Stronghold | 1 | |
| War Mill | 1 | |
| Voodoo Lounge | 1 | |
| Fortress | 1 | |
| Spirit Lodge | 1 | |
| Great Hall | 1 | |
| Tauren Totem | 2 | |
16 total
» build order
00:22 Altar of Storms
00:28 Barracks
00:47 Orc Burrow
02:00 Orc Burrow
02:29 Orc Burrow
04:35 Stronghold
04:40 War Mill
05:07 Voodoo Lounge
06:20 Orc Burrow
07:13 Fortress
07:37 Spirit Lodge
08:27 Great Hall
12:11 Tauren Totem
13:08 Orc Burrow
13:11 Orc Burrow
14:55 Tauren Totem
» items
| Scroll of Speed | 1 | |
| Healing Salve | 2 | |
| Potion of Healing | 3 | |
| Scroll of Town Portal | 1 | |
| Orb of Lightning | 1 | |
8 total
tact1cal (
blue | 66 APM | 2435 actions | 36:48)
6 Shadow Hunter
2 Hex
3 Healing Wave
1 Big Bad Voodoo
1 Blademaster
1 Critical Strike
» actions
| Assign group hotkey | 92 | |
| Basic commands | 14 | |
| Build / train | 69 | |
| Enter build submenu | 22 | |
| Enter hero's abilities submenu | 7 | |
| Give item / drop item | 4 | |
| Remove unit from queue | 5 | |
| Right click | 1021 | |
| Select / deselect | 236 | |
| Select group hotkey | 858 | |
| Use ability | 107 | |
2435 total
» units
| Peon | 10 | |
| Troll Batrider | 14 | |
| Raider | 4 | |
| Troll Witch Doctor | 4 | |
| Wind Rider | 3 | |
35 total
» upgrades
| Ranged Weapons | 2 | |
| Reinforced Defenses | 1 | |
| Liquid Fire | 1 | |
| Armor | 1 | |
| Witch Doctor Training | 2 | |
| Ensnare | 1 | |
| Envenomed Spears | 1 | |
9 total
» buildings
| Altar of Storms | 1 | |
| Orc Burrow | 6 | |
| War Mill | 1 | |
| Watch Tower | 12 | |
| Voodoo Lounge | 2 | |
| Stronghold | 2 | |
| Fortress | 3 | |
| Beastiary | 3 | |
| Spirit Lodge | 1 | |
| Great Hall | 1 | |
32 total
» build order
00:07 Altar of Storms
00:14 Orc Burrow
00:35 War Mill
01:48 Watch Tower
02:01 Watch Tower
02:11 Voodoo Lounge
02:40 Watch Tower
03:18 Watch Tower
03:21 Watch Tower
03:30 Orc Burrow
04:10 Stronghold
04:11 Stronghold
04:51 Watch Tower
04:52 Watch Tower
05:13 Orc Burrow
05:14 Orc Burrow
06:32 Fortress
06:32 Fortress
06:36 Beastiary
06:57 Beastiary
10:08 Spirit Lodge
10:30 Beastiary
11:14 Watch Tower
11:15 Watch Tower
11:23 Watch Tower
11:23 Watch Tower
24:19 Orc Burrow
24:21 Orc Burrow
24:28 Great Hall
27:29 Voodoo Lounge
29:10 Watch Tower
» items
| Staff of Teleportation | 1 | |
| Boots of Speed | 1 | |
| Orb of Lightning | 1 | |
| Lesser Clarity Potion | 1 | |
| Potion of Mana | 2 | |
| Scroll of Town Portal | 1 | |
7 total
PrickIndustries (
yellow | 59 APM | 2175 actions | 36:48)
9 Archmage
3 Summon Water Elemental
3 Brilliance Aura
1 Mass Teleport
2 Blizzard
» actions
| Assign group hotkey | 74 | |
| Basic commands | 55 | |
| Build / train | 100 | |
| Enter build submenu | 68 | |
| Enter hero's abilities submenu | 9 | |
| Give item / drop item | 1 | |
| Remove unit from queue | 2 | |
| Right click | 830 | |
| Select / deselect | 430 | |
| Select group hotkey | 464 | |
| Use ability | 141 | |
2175 total
» units
| Peasant | 24 | |
| Footman | 5 | |
| Dragonhawk Rider | 13 | |
| Gryphon Rider | 5 | |
47 total
» upgrades
| Lumber Harvesting | 2 | |
| Masonry | 2 | |
| Swords | 3 | |
| Armor | 3 | |
| Animal War Training | 1 | |
| Cloud | 1 | |
| Magic Sentry | 1 | |
13 total
» buildings
| Altar of Kings | 1 | |
| Barracks | 1 | |
| Farm | 11 | |
| Arcane Vault | 1 | |
| Keep | 1 | |
| Lumber Mill | 1 | |
| Town Hall | 6 | |
| Scout Tower | 40 | |
| Guard Tower | 11 | |
| Castle | 1 | |
| Gryphon Aviary | 5 | |
| Blacksmith | 2 | |
| Arcane Sanctum | 1 | |
82 total
» build order
00:52 Altar of Kings
00:54 Barracks
00:56 Farm
01:02 Farm
01:07 Farm
02:07 Farm
03:24 Arcane Vault
04:11 Keep
04:13 Lumber Mill
04:50 Town Hall
04:56 Scout Tower
04:59 Scout Tower
05:01 Scout Tower
05:04 Scout Tower
06:17 Guard Tower
07:45 Scout Tower
07:46 Scout Tower
07:48 Scout Tower
07:48 Scout Tower
07:51 Scout Tower
07:51 Scout Tower
08:24 Guard Tower
08:26 Scout Tower
08:28 Scout Tower
08:31 Scout Tower
08:33 Scout Tower
08:36 Scout Tower
08:39 Scout Tower
08:41 Scout Tower
08:44 Guard Tower
09:12 Castle
09:31 Guard Tower
10:57 Guard Tower
11:53 Scout Tower
11:54 Scout Tower
13:14 Gryphon Aviary
13:15 Gryphon Aviary
13:17 Gryphon Aviary
13:21 Gryphon Aviary
13:21 Gryphon Aviary
13:25 Blacksmith
13:27 Blacksmith
14:15 Farm
14:18 Farm
14:21 Farm
14:21 Farm
14:22 Farm
16:08 Scout Tower
16:09 Scout Tower
16:10 Scout Tower
16:11 Scout Tower
16:25 Scout Tower
16:25 Scout Tower
16:26 Scout Tower
16:46 Guard Tower
17:14 Guard Tower
17:55 Guard Tower
18:06 Town Hall
18:08 Scout Tower
18:09 Scout Tower
18:09 Scout Tower
18:10 Scout Tower
18:12 Scout Tower
18:13 Scout Tower
18:13 Scout Tower
19:01 Guard Tower
19:48 Town Hall
19:52 Guard Tower
19:57 Scout Tower
19:58 Scout Tower
19:58 Scout Tower
19:59 Scout Tower
20:00 Scout Tower
20:03 Scout Tower
20:04 Scout Tower
22:37 Guard Tower
23:49 Farm
25:00 Farm
25:30 Arcane Sanctum
30:13 Town Hall
33:13 Town Hall
34:27 Town Hall
» items
| Scroll of Town Portal | 5 | |
| Scroll of Regeneration | 5 | |
| Mechanical Critter | 1 | |
| Potion of Lesser Invulnerability | 1 | |
| Periapt of Vitality | 3 | |
15 total
Chat log
(00:10 / All) Secreteam: Hey purple what's the plan? Do we all get to vote on it?
(00:25 / All) Democracy: yup
(00:32 / All) tact1cal: are we a republic
(00:33 / All) PrickIndustries: I vote that we all lay down our arms
(00:38 / All) Secreteam: Well I vote we do anything but rushing since that's for faggots what do the other 7 of you say?
(00:41 / All) PrickIndustries: and work together to build a better world for our offspring
(00:46 / All) Secreteam: help decide what our team does
(01:00 / All) promised: quit the game
(01:05 / All) Democracy: for yes
(01:08 / All) Democracy: hold alt
(01:12 / All) Democracy: and press qqq
(01:19 / All) Democracy: for no
(01:22 / All) Democracy: hold alt
(01:24 / All) Democracy: and press qq
(01:30 / All) tact1cal: i fell for that back in 2004'
(01:42 / All) PrickIndustries: You're a ninny
(01:49 / All) Secreteam: He's a democrat
(02:00 / All) LOOPER.Jr: now u feel old and bald
(03:04 / All) tact1cal: THEY CALL ME BABY HUEY
(03:23 / All) LOOPER.Jr: im tiny dick
(03:44 / All) promised: im gay
(03:56 / All) LOOPER.Jr: i still tiny dick
(04:09 / All) promised: but im gay
(05:25 / Allies) LOOPER.Jr: im geting spellbreaker
(05:36 / Allies) LOOPER.Jr: 3 orcs = a lot of casters
(05:51 / All) tact1cal: purp got that mh
(05:58 / All) Democracy: right
(06:00 / All) Vibes: ayyy
(06:19 / All) tact1cal: what kind of douche blocks his base off of in 4v4
(08:07 / All) PrickIndustries: who has mh
(08:12 / All) Vibes: your elemental
(08:15 / All) LOOPER.Jr: U
(08:19 / All) tact1cal: eithe roj or purp
(08:35 / All) Democracy: u guys r idiots
(08:44 / All) tact1cal: wat
(09:52 / Allies) Democracy: green
(09:53 / Allies) Democracy: the fuck
(10:02 / Allies) Democracy: fucking idiot
(10:07 / Allies) Secreteam: I voted that I get the tome
(10:09 / Allies) Secreteam: but you didn't
(10:13 / Allies) Secreteam: It evened out
(10:14 / Allies) Secreteam: I got XP instead
(10:17 / All) tact1cal: red mhs now
(10:20 / All) tact1cal: fucking unbelievable
(10:21 / Allies) Democracy: i am leading democracy
(10:23 / Allies) Democracy: not u
(10:40 / Allies) Secreteam: I'm the citizen I lead the democracy
(10:46 / Allies) Secreteam: If I overthrow it I get to become dictator too
(11:01 / Allies) Democracy: u have no authority
(11:05 / Allies) Democracy: to cast that vote
(11:13 / Allies) Secreteam: Not yet but if I stage a coup I become absolute monarch
(11:29 / Allies) LOOPER.Jr: i have cloud atack yellow expo
(11:44 / Allies) LOOPER.Jr: come
(12:46 / Allies) Secreteam: wood me for the war effort
(12:58 / Allies) Secreteam: ty
(13:11 / All) PrickIndustries: REd has to get the loss
(13:21 / All) Secreteam: He mh?
(13:33 / All) PrickIndustries: yes
(13:36 / All) LOOPER.Jr: what?
(13:46 / All) Vibes: get raped
(13:46 / All) PrickIndustries: mhing trash
(15:33 / All) LOOPER.Jr: lol
(15:39 / All) tact1cal: babies
(15:49 / All) tact1cal: that confirms oj is hacking
(16:02 / All) Vibes: why?
(16:05 / All) LOOPER.Jr: for u all our team mh
(16:19 / Allies) Secreteam: wood if you can, I got a shortage
(16:39 / Allies) Secreteam: ty
(16:49 / Allies) Vibes: tower up
(16:49 / Allies) Vibes: plz
(16:53 / Allies) Democracy: green
(16:56 / Allies) Democracy: wtf?
(16:59 / Allies) Secreteam: I'm staging a coup
(17:03 / Allies) Secreteam: I want to be dictator
(17:07 / Allies) Secreteam: This will be no republic
(17:08 / Allies) Vibes: wtf
(17:20 / Allies) Democracy: fucking pscyho kids
(17:44 / Allies) Democracy: why?
(17:50 / Allies) Democracy: serioulsly why?
(17:56 / Allies) Secreteam: I want to be leader
(17:59 / Allies) Secreteam: You said I have no authority
(18:04 / Allies) Secreteam: I want my own monarchy
(18:06 / All) LOOPER.Jr: killed 3 hawks i think u gonna win blue
(18:12 / All) tact1cal: ME 2 LOL
(18:15 / Allies) Democracy: r u seriously that fucked in the head/
(18:21 / Allies) Secreteam: No
(18:25 / Allies) Secreteam: I'm about to become supreme leader
(18:31 / Allies) Secreteam: It's revolution bitch
(18:54 / All) PrickIndustries: LOL
(18:58 / All) PrickIndustries: mhing faggot
(19:08 / All) PrickIndustries: pos
(19:28 / All) PrickIndustries: be more blatant trash
(19:36 / All) Secreteam: Yellow is confused
(19:38 / All) Secreteam: He doesn't understand
(19:40 / All) Secreteam: He's a democracy
(19:43 / All) Secreteam: I want to become monarch
(19:47 / All) Secreteam: I'm a revolutionary and he just doesn't get it
(19:49 / All) Secreteam: bourgeois filth
(19:50 / All) Democracy: so why r u team killing?
(20:00 / All) Secreteam: Because this is a glorious revolution
(20:20 / All) Democracy: dumbass this is 4v4 rt warcraft
(20:26 / All) tact1cal: fuck up hacke rlol
(20:35 / All) Secreteam: I thought it was a political simulator
(20:36 / All) Secreteam: you sure?
(20:50 / All) Democracy: fuck this
(20:59 / All) Secreteam: Yes, leave, you fucking 1% scum
(20:59 / All) Democracy: this is kid is psychotic idiot
(21:03 / All) Secreteam: I'm going to be dictator now
(21:06 / All) Democracy: i am what?
(21:07 / All) Secreteam: Supreme leader of my own 4v4 RT game
(21:08 / All) Secreteam: You're the 1%
(21:11 / All) Secreteam: I am the 99%
(21:13 / All) Secreteam: I represent the people
(21:29 / All) Democracy: go help red retard
(21:39 / All) Secreteam: I need to claim my station and slay the democrat first
(21:41 / All) Democracy: u gonna loose now
(21:52 / All) Secreteam: Democrats are scum
(21:58 / All) Secreteam: Only under a dictatorship can progress be accomplished
(22:01 / All) Secreteam: like what will be in mine
(22:09 / All) Democracy: r u trying to prove something to me?
(22:17 / All) Secreteam: Yes
(22:25 / All) Democracy: what?
(22:28 / All) Secreteam: That you are filthy libertarian democrat scum that is only rich because of investment insiders
(22:33 / All) Secreteam: And that I am the leader
(22:36 / All) Secreteam: That I have authority
(22:39 / All) Secreteam: I am to be dictator of this land
(23:00 / All) Secreteam: No dictatorship, no progress
(23:03 / All) Democracy: any1 else here thinks that green is 1 of thise psychotic kids?
(23:09 / Allies) Democracy: those*
(23:11 / All) Democracy: those*
(23:11 / All) Secreteam: How does it feel capitalist that oppresses the workers?
(23:18 / All) Secreteam: Now you are the one being oppressed
(23:32 / All) Secreteam: HOW DOES IT FEEL BITCH
(23:36 / All) Secreteam: THIS IS REVOLUTION
(23:46 / All) Democracy: u r trying to teach me something over a computer game?
(23:55 / All) PrickIndustries: lmao
(23:56 / All) Secreteam: I am trying to OVERTHROW you
(23:58 / All) PrickIndustries: such obvious mhing
(24:11 / All) PrickIndustries: who is it on your team that is pinging
(24:28 / All) Secreteam: I don't know I wasn't paying attention don't think there's been much
(24:29 / All) Democracy: i just don't understand this kids
(24:36 / All) Democracy: i can't enjoy a fucking 4s rt
(24:38 / All) Secreteam: A democrat could never understand
(24:40 / All) PrickIndustries: red or orange def h as it
(24:45 / All) Secreteam: This is my authority now
(24:45 / All) Democracy: with out some retard trying to team kill
(24:48 / All) Secreteam: You have no control in this land
(24:58 / All) tact1cal: i
(25:20 / Allies) LOOPER.Jr: lol
(25:57 / All) Secreteam: He whispered me asking if I am happy now
(26:04 / All) Secreteam: I said yes since I'm monarch now then he called me a jackass
(26:10 / Allies) LOOPER.Jr: haaha
(26:14 / Allies) LOOPER.Jr: rly?
(26:19 / Allies) Secreteam: Yeah I screenshotted it
(26:25 / Allies) LOOPER.Jr: lol
(26:29 / All) Secreteam: He doesn't get that if I appear a jackass
(26:33 / All) Secreteam: it's just hard work to be a monarch
(27:00 / All) PrickIndustries: owned mhing trash
(27:02 / Allies) LOOPER.Jr: its just a game
(27:04 / All) tact1cal: lol
(27:07 / Allies) Secreteam: It's a political simulator
(27:10 / All) tact1cal: owned with a capital O
(27:12 / Allies) Secreteam: I am leader of this realm now
(27:41 / All) Secreteam: DEMOCRACY OVERTHROWN
(27:44 / All) Secreteam: VIVA LA REVOLUTION 2013
(27:56 / Allies) LOOPER.Jr: lol
(28:00 / Allies) LOOPER.Jr: u crazy
(28:18 / All) PrickIndustries: why the fuck would you go dhawk breakers
(28:51 / All) LOOPER.Jr: was working before the revolution lol
(28:54 / All) tact1cal: i made a caster building so maybe his maphack saw that
(29:05 / All) Secreteam: Only my kingdom reigns supreme now
(29:10 / All) Secreteam: With my humble citizen red
(29:23 / Allies) Secreteam: Thank you
(30:46 / All) Secreteam: DAGGER OF ESCAPE!
(30:52 / All) tact1cal: same
(31:08 / Allies) LOOPER.Jr: lol
(31:15 / All) tact1cal: just answered a topic on WCR where somebody wanted toknow wha tmaps had it
(31:19 / All) Secreteam: Now red should leave
(31:22 / All) tact1cal: 3 fucking daggers
(31:29 / All) Secreteam: Because he is the last left who is not a king
(31:31 / All) LOOPER.Jr: xd
(31:35 / All) Secreteam: He is the only peasant
(31:38 / All) PrickIndustries: more than one is useless
(31:45 / All) Secreteam: Should he not leave I will have to destroy my own kingdom that I worked hard for
(31:46 / All) PrickIndustries: isn't it
(31:47 / All) Secreteam: Just to make him lose
(32:51 / Allies) LOOPER.Jr: im bored too
(32:55 / Allies) Secreteam: Then leave
(32:57 / Allies) Secreteam: Find something to do
(33:11 / Allies) LOOPER.Jr: nah im gonna eat good luck
(33:22 / All) Secreteam: Red says he is going to go eat
(33:24 / Allies) LOOPER.Jr: afk for 10 mins bye
(33:45 / All) tact1cal: prup seemed admadant games get ruined in 4v4
(33:50 / All) tact1cal: so it was prob red since oj didnt tower his base